 Dungeon Crawl Stone Soup version 0.31-a0-1376-g36f0627844 (webtiles) character file.

Game seed: 5172551638070288117

1035 Amplified the Trooper (level 8, -1/62 HPs)
             Began as a Demonspawn Alchemist on Dec 24, 2023.
             Was a Follower of Okawaru.
             Succumbed to a killer bee's poison
             ... on level 8 of the Dungeon.
             The game lasted 00:12:16 (5838 turns).

Amplified the Trooper (Demonspawn Alchemist)        Turns: 5838, Time: 00:12:17

Health: -1/62      AC:  7    Str: 11    XL:     8   Next: 3%
Magic:  3/11       EV: 11    Int: 15    God:    Okawaru [*.....]
Gold:   257        SH:  0    Dex: 14    Spells: 8/11 levels left

rFire   . . .        r - +2 flail (freeze)
rCold   . . .        (no shield)
rNeg    . . .        i - +0 ring mail
rPois   .            (no helmet)
rElec   .            (no cloak)
rCorr   .            q - +0 pair of gloves
SInv    .            (no boots)
Will    .....        m - amulet of faith
Stlth   ++           (no ring)
HPRegen 0.30/turn    (no ring)
MPRegen 0.24/turn

%: guardian spirit, faith
@: lethally poisoned (-1 -> -6)
A: powered by pain 1, magic shield, magic regeneration, sturdy frame 1
a: Renounce Religion, Heroism


You were on level 8 of the Dungeon.
You worshipped Okawaru.
Okawaru was aware of your devotion.
You visited 1 branch of the dungeon, and saw 9 of its levels.

You collected 257 gold pieces.

Inventory:

Hand Weapons
 r - a +2 flail of freezing (weapon)
Missiles
 f - 12 poisoned darts (quivered)
Armour
 a - a +0 robe
 d - a +0 pair of boots
 i - a +0 ring mail (worn)
 q - a +0 pair of gloves (worn)
Jewellery
 m - an amulet of faith (around neck)
 u - an amulet of regeneration
Wands
 j - a wand of flame (8)
Scrolls
 g - a scroll of fog
 o - a scroll of immolation
 p - a scroll of poison
Potions
 b - a potion of magic
 e - a potion of enlightenment
 h - 2 potions of brilliance


   Skills:
 * Level 5.0 Fighting
 * Level 3.4 Maces & Flails
 * Level 4.5 Armour
 - Level 1.7 Dodging
 - Level 1.7 Stealth
 - Level 2.0 Spellcasting
 - Level 1.0 Conjurations
 - Level 3.0 Alchemy
 * Level 4.8 Invocations


You had 8 spell levels left.
You knew the following spells:

 Your Spells              Type           Power      Damage    Failure   Level
a - Sting                 Conj/Alch      28%        1d4       14%         1
b - Mercury Vapours       Alch/Air       12%        N/A       26%         2

Your spell library contained the following spells:

 Spells                   Type           Power      Damage    Failure   Level
 Shock                    Conj/Air       12%        1d3       26%         1
 Static Discharge         Conj/Air       6%         3-4/arc   38%         2
 Mephitic Cloud           Conj/Alch/Air  5%         N/A       50%         3
 Olgreb's Toxic Radiance  Alch           10%        N/A       67%         4
 Sigil of Binding         Hex            1%         N/A       69%         3
 Swiftness                Air            1%         N/A       69%         3
 Sticky Flame             Fire/Alch      6%         2d4       87%         4
 Airstrike                Air            0%         2d(1-17)  97%         4
 Dimensional Bullseye     Hex/Tloc       0%         N/A       97%         4
 Call Canine Familiar     Summ           Unusable   N/A       N/A         3
 Summon Lightning Spire   Summ/Air       Unusable   N/A       N/A         4

Dungeon Overview and Level Annotations

Branches:
Dungeon (9/15)             Temple (0/1) D:7
   Lair: D:8-11         Orc: D:9-12

Altars:
Fedhas
Hepliaklqana
Makhleb
Okawaru
Uskayaw

Shops:
D:6 [

Annotations:
D:9 Pikel


Innate Abilities, Weirdness & Mutations

You sometimes gain a little power by taking damage.
When hurt, damage is shared between your health and your magic reserves.
You regenerate magic rapidly.
Your movements are slightly less encumbered by armour. (ER -2)


Message History

You hit the killer bee. You freeze the killer bee.
You kill the killer bee!
Okawaru accepts your kill.
You feel sick.
You are no longer poisoned.
The killer bee closely misses you. The killer bee barely misses you.
You have reached level 8!
You feel stronger.
Unknown command.
Magic courses through your body. The killer bee stings you.
* * * LOW HITPOINT WARNING * * *
The killer bee completely misses you. The killer bee stings you.
The killer bee closely misses you.
Unknown command.
Unknown command.
You sock the killer bee! You freeze the killer bee.
The killer bee is heavily wounded.
The killer bee stings you.
* * * LOW HITPOINT WARNING * * *
The killer bee misses you.
The killer bee stings you but does no damage. x2
Unknown command.
Unknown command.
Unknown command.
You hit the killer bee. You freeze the killer bee.
The killer bee is almost dead.
You feel like a meek peon again. The killer bee closely misses you.
The killer bee stings you!
* * * LOW HITPOINT WARNING * * *
The killer bee stings you but does no damage.
The killer bee stings you.
* * * LOW HITPOINT WARNING * * *
You are lethally poisoned!
The killer bee poisons you!
Unknown command.
Unknown command.
Okay, then.
You closely miss the killer bee.
The killer bee is almost dead.
You die...

## ##### ##<##### #.[..
##......# ########.###
...y....# ###...##<[.#..
...yy...#####......#####)#
...y....#..............#.#
#.#...........##.#.#
..####.#@..........#..#.#
......).yyK.....).........
..........##........######
..#.##########....#.....#
# .......#####.#
##..)........#
###...#..####.
#####....... #....###


You could see 2 killer bees and a kobold.

Vanquished Creatures
  2 orc warriors (D:8)
  A bullfrog (D:9)
  3 wights
  2 killer bees (D:8)
  A hound (D:7)
  5 orc priests
  Jessica (D:2)
  2 iguanas
  5 orc wizards
  2 gnolls (D:8)
  6 adders
  3 worms
  4 dart slugs
  13 orcs
  13 ball pythons
  2 bats
  3 endoplasms
  4 giant cockroaches
  6 goblins
  7 hobgoblins
  A quokka (D:2)
  2 frilled lizards
  4 kobolds
  4 rats
96 creatures vanquished.

Notes
Turn   | Place    | Note
-------+----------+-------------------------------------------
     0 | D:1      | Amplified the Demonspawn Alchemist began the quest for the
                  | Orb.
     0 | D:1      | Reached XP level 1. HP: 13/13 MP: 3/3
   184 | D:1      | Found a faded altar of an unknown god.
   215 | D:1      | Reached skill level 1 in Fighting
   245 | D:1      | Reached skill level 1 in Armour
   245 | D:1      | Gained mutation: You regenerate magic rapidly. [demonic
                  | ancestry]
   245 | D:1      | Reached XP level 2. HP: 21/21 MP: 5/5
   252 | D:1      | Learned a level 2 spell: Mercury Vapours
   781 | D:2      | Gained mutation: When hurt, damage is shared between your
                  | health and your magic reserves. [demonic ancestry]
   781 | D:2      | Reached XP level 3. HP: 27/27 MP: 6/6
   819 | D:2      | Reached skill level 2 in Fighting
   879 | D:2      | Noticed Jessica
   888 | D:2      | Killed Jessica
   906 | D:2      | Gained mutation: You sometimes gain a little power by
                  | taking damage. [demonic ancestry]
   906 | D:2      | Reached XP level 4. HP: 13/34 MP: 2/7
  1891 | D:3      | Found a hide-covered altar of Uskayaw.
  1901 | D:3      | Found a hazy altar of Hepliaklqana.
  2022 | D:3      | Reached skill level 3 in Fighting
  2180 | D:3      | Reached XP level 5. HP: 15/41 MP: 2/8
  2484 | D:4      | Found an iron altar of Okawaru.
  2609 | D:4      | Became a worshipper of Warmaster Okawaru
  3162 | D:5      | Entered Level 5 of the Dungeon
  3189 | D:5      | Reached skill level 1 in Maces & Flails
  3423 | D:5      | Reached skill level 1 in Invocations
  3524 | D:5      | Found a burning altar of Makhleb.
  3556 | D:5      | Noticed a water moccasin
  3559 | D:6      | Found Udaid's Antique Armour Emporium.
  3638 | D:6      | Found a blossoming altar of Fedhas.
  3684 | D:6      | Noticed an ice beast
  3741 | D:7      | Found a staircase to the Ecumenical Temple.
  3810 | D:7      | Reached XP level 6. HP: 32/47 MP: 6/9
  3921 | D:7      | Noticed a steam dragon
  3931 | D:7      | Noticed a wyvern
  4336 | D:8      | Noticed an orc warrior
  4361 | D:9      | Noticed a hornet
  4539 | D:9      | Reached * piety under Okawaru
  4572 | D:9      | Noticed Pikel
  4572 | D:9      | Noticed a yak
  4573 | D:9      | Noticed a yak
  4702 | D:7      | Noticed an orc warrior
  4743 | D:8      | Reached skill level 4 in Fighting
  4752 | D:8      | Killed an orc warrior
  4856 | D:8      | Gained mutation: Your movements are slightly less
                  | encumbered by armour. (ER -2) [demonic ancestry]
  4856 | D:8      | Reached XP level 7. HP: 26/54 MP: 8/10
  5829 | D:8      | Reached skill level 5 in Fighting
  5835 | D:8      | Reached XP level 8. HP: 8/62 MP: 4/11
  5837 | D:8      | HP: 2/62 [killer bee (4)]
  5838 | D:8      | Succumbed to a killer bee's poison

Illustrated notes

Levels and vault maps discovered:
D:1:      zaba_arrival_water, layout_basic,
          chequers_ecumenical_altar_simple_redux
D:2:      layout_rooms, uniq_jessica
D:3:      layout_basic, mainiacjoe_overflow_six_doors_small,
          mainiacjoe_overflow_cross_hatched
D:4:      layout_cave_pods, mainiacjoe_overflow_alcove_4
D:5:      nicolae_cairo_tiling_very_big, layout_loops_ring,
          mainiacjoe_overflow_small_starburst
D:6:      layout_rooms, xom_teletrap_fun, fedhas_altar_decomposition,
          serial_shops, nicolae_stop_n_shop_2
D:7:      layout_basic, minmay_temple_entry_tees
D:8:      layout_basic, zin_scriptorium, grunt_temple_overflow_open,
          chequers_decorated_corner, kennysheep_small_spiral,
          minmay_misc_feat_ornament
D:9:      layout_roguey, hellmonk_lair_entry_icy, uniq_pikel

Skill      XL: |  1  2  3  4  5  6  7 |
---------------+----------------------+-----
Fighting       | 1 2 3 4 5 |  5.0
Armour         | 1 2 3 4 |  4.5
Maces & Flails | 1 2 3 |  3.4
Invocations    | 1 3 4 |  4.8
Dodging        | |  1.7
Stealth        | |  1.7
Spellcasting   | |  2.0
Conjurations   | |  1.0
Alchemy        | |  3.0

Action                     |  1- 3 |  4- 6 |  7- 9 || total
---------------------------+-------+-------+-------++-------
  Melee: Short sword       |    90 |    87 |       ||   177
         Dagger            |    14 |       |       ||    14
         Punch             |     1 |     4 |     2 ||     7
         Flail             |       |   130 |    85 ||   215
   Cast: Sting             |    11 |       |       ||    11
         Mercury Vapours   |       |     2 |       ||     2
 Invoke: Heroism           |       |     1 |     5 ||     6
  Evoke: Wand              |       |     3 |       ||     3
    Use: Potion            |     2 |     6 |     1 ||     9
         Scroll            |     2 |    15 |     2 ||    19
   Stab: Sleeping          |     3 |     3 |       ||     6
 Armour: Robe              |    40 |     9 |       ||    49
         Ring mail         |       |   174 |    69 ||   243
  Dodge: Dodged            |    74 |   149 |    63 ||   286

Table legend: (Time is in decaauts)
 A = Elapsed time spent in this place.
 B = Non-inter-level travel time spent in this place.
 C = Inter-level travel time spent in this place.
 D = Time resting spent in this place.
 E = Time spent auto-exploring this place.
 F = Levels seen in this place.
 G = Mean time per level.
                   A        B        C        D        E       F      G
               +--------+--------+--------+--------+--------+-----+--------+
         Total |   5901 |   5800 |    101 |   1316 |   2835 |   9 |  655.7 |
       Dungeon |   5901 |   5800 |    101 |   1316 |   2835 |   9 |  655.7 |
               +--------+--------+--------+--------+--------+-----+--------+

Top non-repeatable levels by time:
     D:8: 1422 daAuts
     D:4: 869 daAuts
     D:2: 793 daAuts
     D:1: 783 daAuts
     D:3: 735 daAuts
     D:7: 445 daAuts
     D:5: 403 daAuts
     D:9: 268 daAuts
     D:6: 179 daAuts
